 Dungeon Crawl Stone Soup version 0.25-a0-1078-gea6e5d949a (webtiles) character file.

Game seed: 14459068578874344194, levelgen mode: deterministic

11 Maedhros the Sneak (level 2, -3/18 HPs)
             Began as an Octopode Artificer on May 15, 2020.
             Slain by a hound (5 damage)
             ... on level 4 of the Dungeon.
             The game lasted 00:01:07 (237 turns).

Maedhros the Sneak (Octopode Artificer)              Turns: 237, Time: 00:01:08

Health: -3/18      AC:  1    Str: 11    XL:     2   Next: 29%
Magic:  4/4        EV: 13    Int: 13    God:
Gold:   45         SH:  0    Dex: 12    Spells: 1/1 levels left

rFire    . . .     SeeInvis .   a - +0 short sword
rCold    . . .     Gourm    .   (no shield)
rNeg     . . .     Faith    .   (helmet restricted)
rPois    +         Spirit   .   (no amulet)
rElec    .         Reflect  .   e - ring of poison resistance
rCorr    .         Harm     .   (no ring)
MR       .....                  (no ring)
Stlth    +++.......             (no ring)
HPRegen  0.06/turn              (no ring)
MPRegen  0.09/turn              (no ring)
                                (no ring)
                                (no ring)

@: no status effects
A: almost no armour, stealthy swim, amphibious, 8 rings, constrict 8, camouflage
1, gelatinous body 1
a: no special abilities


You were on level 4 of the Dungeon.
You were not hungry.

You visited 1 branch of the dungeon, and saw 4 of its levels.

You collected 45 gold pieces.

Inventory:

Hand Weapons
 a - a +0 short sword (weapon)
Jewellery
 e - a ring of poison resistance (left tentacle)
Wands
 b - a wand of flame (15)
 c - a wand of enslavement (13)
 d - a wand of random effects (15)
 h - a wand of disintegration (9)
Potions
 g - a potion of lignification {unknown}
 i - a potion of degeneration {unknown}
Comestibles
 f - 2 rations


   Skills:
 - Level 1.0 Fighting
 - Level 1.0 Short Blades
 - Level 2.0 Dodging
 + Level 3.3 Stealth
 - Level 3.2 Evocations


You had one spell level left.
You didn't know any spells.
Your spell library was empty.

Dungeon Overview and Level Annotations

Branches:
Dungeon (4/15)
 Temple: D:4-7

Altars:


Innate Abilities, Weirdness & Mutations

You cannot wear most types of armour.
You are very stealthy in the water. (Stealth+)
You are amphibious.
You can wear up to eight rings at the same time.
You can use your tentacles to constrict eight enemies at once.
Your skin changes colour to match your surroundings (Stealth+).
Your rubbery body absorbs attacks. (AC +1, EV +1)


Message History

You constrict the hound. The hound barely misses you.
The worker ant twitches its antennae in your direction.
You hit the hound but do no damage.
The hound is lightly wounded.
You constrict the hound, but do no damage.
The hound bites you. x2
* * * LOW HITPOINT WARNING * * *
Evoke which item? (* to show all) (? for menu, Esc to quit)
Aiming: Enslavement
Press: ? - help, Shift-Dir - straight line, f - hound
Aim: a hound (lightly wounded, constricted by you, chance to defeat MR: 64%)
The hound struggles to resist.
You constrict the hound, but do no damage.
The hound misses you.
Evoke which item? (* to show all) (? for menu, Esc to quit)
Aiming: Enslavement
Press: ? - help, Shift-Dir - straight line, f/p - hound
Aim: a hound (lightly wounded, constricted by you, chance to defeat MR: 64%)
The hound struggles to resist.
You constrict the hound. The hound bites you.
You die...

#. #.# # #.# #.#.#
#.#.#
.####.#.########.
..(.....>@h......#
#.......#####..#
#.#.#...# #..#
.#.#...### #..#
..........###..#
....#......##..#
#...##.####.....#
#... #..........#
#.. #........<.#


You could see a hound.

Vanquished Creatures
  A leopard gecko (D:2)
  A bat (D:1)
  A giant cockroach (D:2)
  A goblin (D:1)
  A hobgoblin (D:1)
  2 kobolds (D:1)
  A frilled lizard (D:3)
  2 rats (D:1)
10 creatures vanquished.

Notes
Turn   | Place    | Note
-------+----------+-------------------------------------------
     0 | D:1      | Maedhros the Octopode Artificer began the quest for the
                  | Orb.
     0 | D:1      | Reached XP level 1. HP: 13/13 MP: 3/3
    78 | D:1      | Reached XP level 2. HP: 11/18 MP: 4/4
   203 | D:3      | Found a faded altar of an unknown god.
   237 | D:4      | Slain by a hound

Illustrated notes

Levels and vault maps discovered:
D:1:      saegor_arrival_miasma, layout_basic
D:2:      layout_loops_ring, grunt_temple_overflow_open, first_ration,
          serial_forest, infiniplex_forest_lined_3, infiniplex_forest_end_2,
          infiniplex_forest_clump_double, infiniplex_forest_side_room,
          infiniplex_forest_lined_3, infiniplex_forest_straight_3,
          corexii_shack, uniq_jessica
D:3:      layout_basic, chequers_ecumenical_altar_simple_redux
D:4:      minmay_razor_zed, layout_basic, minmay_temple_entry_hall,
          ebering_ghost_gozag, uniq_eustachio

Skill      XL: |  1  2 |
---------------+-------+-----
Stealth        | 2 3 |  3.3
Fighting       | |  1.0
Short Blades   | |  1.0
Dodging        | |  2.0
Evocations     | |  3.2

Action                   || total
-------------------------++-------
Melee: Short sword       ||    19
       Constrict         ||     7
       Tentacles         ||     4
Evoke: Wand              ||     2
 Stab: Sleeping          ||     1
Dodge: Dodged            ||    16

Table legend:
 A = Non-vault XP
 B = Vault XP
 C = Vault XP percentage of total XP
 D = Non-vault monster count
 E = Vault monster count
 F = Vault count percentage of total count
                 A         B        C        D         E       F
            +---------+---------+-------+---------+---------+-------
      Total |      17 |       0 |   0.0 |      10 |       0 |   0.0
            +---------+---------+-------+---------+---------+-------
        D:1 |      11 |       0 |   0.0 |       7 |       0 |   0.0
        D:2 |       5 |       0 |   0.0 |       2 |       0 |   0.0
        D:3 |       1 |       0 |   0.0 |       1 |       0 |   0.0
            +---------+---------+-------+---------+---------+-------
